 Dungeon Crawl Stone Soup version 0.28.0-56-g4927b6849a (webtiles) character file.

Game seed: 17285388964634078150

185 NotaViper the Cudgeller (level 5, -7/47 HPs)
             Began as a Minotaur Berserker on Feb 3, 2023.
             Was a Believer of Trog.
             Succumbed to a gnoll's poison
             ... on level 4 of the Dungeon.
             The game lasted 00:16:46 (2530 turns).

NotaViper the Cudgeller (Minotaur Berserker)        Turns: 2530, Time: 00:16:47

Health: -7/47      AC: 11    Str: 23    XL:     5   Next: 37%
Magic:  13/13      EV:  8    Int:  4    God:    Trog [**....]
Gold:   88         SH:  0    Dex: 10    Spells: 4/4 levels left

rFire   . . .      SeeInvis .   u - +3 battleaxe "Roguw" {flame, Stlth+}
rCold   . . .      Faith    .   (shield currently unavailable)
rNeg    + . .      Spirit   .   s - +1 chain mail {Will+}
rPois   .          Reflect  .   (helmet restricted)
rElec   .          Harm     .   (no cloak)
rCorr   .          Rampage  .   (no gloves)
Will    +....                   w - +0 pair of boots
Stlth   ..........              (no amulet)
HPRegen 0.15/turn               r - ring of positive energy
MPRegen 0.13/turn               H - ring of magical power

@: lethally poisoned (-7 -> -29), on berserk cooldown, slowed, very slow
A: horns 2, retaliatory headbutt
a: Renounce Religion, Berserk, Trog's Hand


You were on level 4 of the Dungeon.
You worshipped Trog.
Trog was pleased with you.
You visited 1 branch of the dungeon, and saw 4 of its levels.

You collected 88 gold pieces.

Inventory:

Hand Weapons
 a - a +0 mace
 c - a +0 spear
 e - a +0 dagger
 h - a +0 club
 j - a +0 short sword
 k - a +0 dagger
 l - a +0 dagger
 m - a +0 dagger
 p - a +0 whip
 t - a +0 whip
 u - the +3 battleaxe "Roguw" (weapon) {flame, Stlth+}
   (You found it on level 2 of the Dungeon)

   It burns those it strikes, dealing additional fire damage.
   Big, fiery blades are also staple armaments of hydra-hunters.
   Stlth:     It makes you more stealthy.
 y - a +0 short sword
 B - a +0 rapier of venom
Missiles
 f - 22 arrows
 i - 51 stones (quivered)
Armour
 b - a +0 animal skin
 d - a +0 leather armour
 g - a +0 ring mail
 o - a +0 robe
 s - a +1 chain mail of willpower (worn)
 w - a +0 pair of boots (worn)
 x - a +1 helmet
 A - a +0 scale mail
 D - a +0 scale mail
 F - a +1 cloak of stealth
 G - a +0 pair of gloves
Jewellery
 r - a ring of positive energy (left hand)
 H - a ring of magical power (right hand)
Wands
 E - a wand of flame (28)
Potions
 q - a potion of might
 v - a potion of heal wounds {unknown}
 z - 2 potions of curing
 C - a potion of attraction


   Skills:
 + Level 4.7 Fighting
 + Level 2.6(4.3) Axes
 + Level 5.2(5.6) Maces & Flails
 + Level 3.3 Armour
 + Level 2.5 Dodging


You had 4 spell levels left.
You didn't know any spells.
Your spell library contained the following spells:

 Spells                   Type           Power      Damage    Failure   Level
 Animate Skeleton         Necr           0%         N/A       99%         1
 Apportation              Tloc           0%         N/A       99%         1
 Magic Dart               Conj           0%         1d3       99%         1
 Summon Small Mammal      Summ           0%         N/A       99%         1
 Call Imp                 Summ           0%         N/A       100%        2
 Mephitic Cloud           Conj/Pois/Air  0%         N/A       100%        3


Dungeon Overview and Level Annotations

Branches:
Dungeon (4/15)
 Temple: D:4-7

Altars:


Innate Abilities, Weirdness & Mutations

You have a pair of horns on your head.
You reflexively headbutt those who attack you in melee.


Message History

You feel very sick.
A gnoll shaman comes into view. It is wielding a +0 club.
The gnoll throws a throwing net.
The throwing net hits you.
You become entangled in the net!
Unknown command.
You struggle against the net.
You feel sick.
The gnoll shaman shouts!
A gnoll comes into view. It is wielding a +0 flail.
The gnoll hits you from afar with a +0 halberd of venom.
You are more poisoned.
You struggle against the net.
You feel a strong urge to attack something.
You feel very sick.
The gnoll shouts!
You hear a shout!
A gnoll comes into view. It is wielding a +0 whip.
You tear a large gash into the net.
You feel sick.
The gnoll hits you from afar with a +0 halberd of venom.
You are more poisoned.
You rip the net and break free!
You feel your anger nearly subside.
You are no longer berserk.
You are exhausted.
You feel yourself slow down.
You feel very sick.
The gnoll hits you from afar with a +0 halberd of venom!
You feel very sick. The gnoll hits you but does no damage.
You are lethally poisoned!
You hit the gnoll. You burn the gnoll.
The gnoll is lightly wounded.
* * * LOW HITPOINT WARNING * * *
You feel extremely sick.
The gnoll hits you with a +0 halberd of venom!
* * * LOW HITPOINT WARNING * * *
The gnoll hits you but does no damage.
You are more poisoned.
The gnoll shaman calls upon its god to speed up the gnoll.
The gnoll seems to speed up.
You barely miss the gnoll.
The gnoll is lightly wounded.
You die...

#.........#
+.........+
#.........#
#.......# ####
#.....# ..# #.<.#
#.# ##'##
#.###)#####.##
#ggg@.(......#
.....g##.#####..#
#.... ...# ..#...
#.###.####
.....### # #
##...## ##.## ###


You could see a gnoll shaman and 3 gnolls.

Vanquished Creatures
  A hound (D:3)
  Ijyb (D:3)
  An iguana (D:2)
  Robin (D:3)
  A gnoll (D:4)
  An adder (D:2)
  4 dart slugs
  An orc (D:3)
  4 ball pythons
  5 bats
  2 endoplasms (D:1)
  A giant cockroach (D:1)
  13 goblins
  6 hobgoblins
  6 jackals
  3 kobolds
  2 quokkas
  2 frilled lizards
  11 rats
66 creatures vanquished.

Vanquished Creatures (others)
  9 plants (D:2)
  15 withered plants (D:2)
24 creatures vanquished.

Grand Total: 90 creatures vanquished

Notes
Turn   | Place    | Note
-------+----------+-------------------------------------------
     0 | D:1      | NotaViper the Minotaur Berserker began the quest for the
                  | Orb.
     0 | D:1      | Reached XP level 1. HP: 19/19 MP: 0/0
   237 | D:1      | Reached skill level 4 in Maces & Flails
   237 | D:1      | Reached XP level 2. HP: 23/27 MP: 1/1
   693 | D:1      | Reached XP level 3. HP: 33/33 MP: 2/2
   787 | D:2      | Identified the +3 battleaxe "Roguw" {flame, Stlth+}
  1171 | D:2      | Reached ** piety under Trog
  1176 | D:2      | Reached XP level 4. HP: 41/41 MP: 3/3
  1281 | D:2      | Found a faded altar of an unknown god.
  1602 | D:3      | Noticed Ijyb
  1610 | D:3      | Killed Ijyb
  1611 | D:3      | Reached skill level 1 in Axes
  1611 | D:3      | Reached skill level 5 in Maces & Flails
  1657 | D:3      | Reached XP level 5. HP: 17/47 MP: 4/4
  2127 | D:3      | Noticed Robin
  2136 | D:3      | Killed Robin
  2529 | D:4      | HP: 1/47 [gnoll/+0 halberd of venom (9)]
  2530 | D:4      | Succumbed to a gnoll's poison

Illustrated notes

Levels and vault maps discovered:
D:1:      lemuel_arrival_hallway, layout_loops_cross
D:2:      layout_rooms, shapermc_ecumenical_altar_flowoftime
D:3:      layout_basic, uniq_robin, uniq_ijyb
D:4:      layout_loops_corners, minmay_temple_entry_statues,
          gup_sewer_entry_pipe, serial_shops, nicolae_stop_n_shop_1,
          minmay_crystal_room

Skill      XL: |  1  2  3  4  5 |
---------------+----------------+-----
Maces & Flails | 4 5 |  5.2
Fighting       | 4 |  4.7
Armour         | 3 |  3.3
Axes           | 1 2 |  2.6
Dodging        | |  2.5

Action                   |  1- 3 |  4- 6 || total
-------------------------+-------+-------++-------
Melee: Mace              |    55 |       ||    55
       Headbutt          |     3 |     8 ||    11
       Punch             |     2 |       ||     2
       Battleaxe         |    17 |    44 ||    61
Invok: Berserk           |     1 |     2 ||     3
  Use: Scroll            |       |     3 ||     3
Armor: Leather armour    |     4 |       ||     4
       Ring mail         |    12 |       ||    12
       Animal skin       |     2 |       ||     2
       Chain mail        |    23 |    47 ||    70
Dodge: Dodged            |    52 |    20 ||    72
